TOP OF THE 1ST |
Tri-City ValleyCats batting - Pitching for Idaho Falls Chukars : RHP Matt Slater
|
Pitching: RHP Matt Slater
|
|
Batting: RHB Masaru Konno
|
0-0: Foul Ball, location: 2F 0-1: Reached on error, E6 (Groundball, 6, EV 84.4 MPH)
|
Batting: RHB Sam Spohn
|
0-0: Foul Ball, location: 2F 0-1: Ball 1-1: Called Strike 1-2: Foul Ball, location: 2F 1-2: Ball 2-2: SINGLE (Groundball, 6MD, EV 106.9 MPH) Masaru Konno to third Runner from 3rd tries for Home, SAFE, throw by CF to home Sam Spohn to second
|
Batting: RHB Elijah Hunter
|
0-0: Ball 1-0: Ball 2-0: Ball 3-0: Base on Balls
|
Batting: RHB Jordan Williams
|
0-0: Called Strike 0-1: Ball 1-1: Ball 2-1: 3-RUN HOME RUN (Flyball, 7D, EV 98.1 MPH), Distance : 387 ft
|
Batting: RHB Gavin Jones
|
0-0: Fly out, F4 (Flyball, 4D, EV 80.6 MPH)
|
Batting: RHB Chris McGrath
|
0-0: Ball 1-0: Ball 2-0: Ball 3-0: Base on Balls
|
Pitching: RHP Bryan Kiefer
|
|
Batting: RHB Ryan Salas
|
0-0: Ball Chris McGrath steals 2nd base 1-0: Ball Chris McGrath steals 3rd base 2-0: Swinging Strike 2-1: Called Strike 2-2: Strikes out swinging
|
Batting: RHB To-wai Chen
|
0-0: Ball 1-0: Ball 2-0: Called Strike 2-1: SINGLE (Flyball, 4MD, EV 85.6 MPH) Chris McGrath scores
|
Batting: LHB Josiah Leath
|
0-0: Called Strike To-wai Chen steals 2nd, throwing error, E2 To-wai Chen to third 0-1: Ball 1-1: Ball 2-1: Ground out U3 (Groundball, 34, EV 105.0 MPH)
|
Top of the 1st over - 5 runs, 3 hits, 2 errors, 1 left on base; Tri-City 5 - Idaho Falls 0 |
BOTTOM OF THE 1ST |
Idaho Falls Chukars batting - Pitching for Tri-City ValleyCats : LHP Mike Cobb
|
Pitching: LHP Mike Cobb
|
|
Batting: SHB Ryoji Hiraoka
|
0-0: Ball 1-0: Called Strike 1-1: Ball 2-1: Foul Ball, location: 2F 2-2: Strikes out swinging
|
Batting: RHB Kevin Allen
|
0-0: Ball 1-0: Ball 2-0: Ball 3-0: Base on Balls
|
Batting: LHB David Bearden
|
0-0: Ball 1-0: Foul Ball, location: 2F 1-1: Ball 2-1: Foul Ball, location: 2F 2-2: Ball 3-2: SINGLE (Line Drive, 5L, EV 98.8 MPH) Kevin Allen to second Kevin Allen to third
|
Batting: RHB Eric Erickson
|
0-0: Ball 1-0: Foul Ball, location: 2F 1-1: Grounds into double play, 5-4-3 (Groundball, 56, EV 93.8 MPH)
|
Bottom of the 1st over - 0 runs, 1 hit, 0 errors, 1 left on base; Tri-City 5 - Idaho Falls 0 |
TOP OF THE 2ND |
Tri-City ValleyCats batting - Pitching for Idaho Falls Chukars : RHP Bryan Kiefer
|
Batting: RHB Masaru Konno
|
0-0: Ball 1-0: Ball 2-0: Ball 3-0: Base on Balls
|
Batting: RHB Sam Spohn
|
0-0: Called Strike Masaru Konno steals 2nd base (no throw) 0-1: Foul Ball, location: 2F 0-2: Ball 1-2: Foul Ball, location: 2F 1-2: Ball 2-2: Foul Ball, location: 2F 2-2: Hit by Pitch
|
Pitching: RHP Philip Terrell
|
|
Batting: RHB Elijah Hunter
|
0-0: SINGLE (Groundball, 56D, EV 96.2 MPH) Masaru Konno to third Sam Spohn to second
|
Batting: RHB Jordan Williams
|
0-0: Called Strike 0-1: Fielders Choice at 2nd, 4-6 (Groundball, 4M, EV 91.9 MPH) Masaru Konno scores Sam Spohn to third
|
Batting: RHB Gavin Jones
|
0-0: Foul Ball, location: 2F 0-1: Reached on error, E4 (Groundball, 4, EV 85.6 MPH) Sam Spohn scores Jordan Williams to second
|
Batting: RHB Chris McGrath
|
0-0: Hit by Pitch Jordan Williams to third Gavin Jones to second
|
Batting: RHB Ryan Salas
|
0-0: Ball 1-0: Called Strike 1-1: Swinging Strike 1-2: TRIPLE (Flyball, 89XD, EV 96.9 MPH) Jordan Williams scores Gavin Jones scores Chris McGrath scores
|
Batting: RHB To-wai Chen
|
0-0: Ball 1-0: Ball 2-0: Called Strike 2-1: Fly out, F6 (Popup, P, EV 85.6 MPH)
|
Batting: LHB Josiah Leath
|
0-0: Called Strike 0-1: Called Strike 0-2: Ball Wild Pitch! Ryan Salas scores 1-2: Ball 2-2: Ball 3-2: Fly out, F7 (Line Drive, 7D, EV 90.6 MPH)
|
Top of the 2nd over - 6 runs, 2 hits, 1 error, 0 left on base; Tri-City 11 - Idaho Falls 0 |
BOTTOM OF THE 2ND |
Idaho Falls Chukars batting - Pitching for Tri-City ValleyCats : LHP Mike Cobb
|
Batting: RHB Ben Minge
|
0-0: Ball 1-0: Called Strike 1-1: Swinging Strike 1-2: Ball 2-2: Strikes out swinging
|
Batting: LHB John Wagner
|
0-0: Ball 1-0: Ball 2-0: Ball 3-0: Called Strike 3-1: Swinging Strike 3-2: Foul Ball, location: 2F 3-2: Foul Ball, location: 2F 3-2: Base on Balls
|
Batting: LHB Joe Cozart
|
0-0: Called Strike 0-1: Ball 1-1: Ball John Wagner steals 2nd base (no throw) 2-1: Ground out 4-3 (Groundball, 4, EV 104.4 MPH) John Wagner to third
|
Batting: RHB Adam Krieger
|
0-0: Called Strike 0-1: Ball 1-1: Ball 2-1: Swinging Strike 2-2: Foul Ball, location: 2F 2-2: Ball 3-2: DOUBLE (Flyball, 78XD, EV 98.8 MPH) John Wagner scores
|
Batting: RHB Timotheus Cooper
|
0-0: Ball 1-0: Fly out, F7 (Line Drive, 7D, EV 83.8 MPH)
|
Bottom of the 2nd over - 1 run, 1 hit, 0 errors, 1 left on base; Tri-City 11 - Idaho Falls 1 |
TOP OF THE 3RD |
Tri-City ValleyCats batting - Pitching for Idaho Falls Chukars : RHP Philip Terrell
|
Pitching: RHP Mike Tuck
|
|
Batting: RHB Masaru Konno
|
0-0: Called Strike 0-1: Ball 1-1: Fly out, F7 (Line Drive, 7, EV 94.4 MPH)
|
Batting: RHB Sam Spohn
|
0-0: Ball 1-0: Ball 2-0: Ball 3-0: Base on Balls
|
Batting: RHB Elijah Hunter
|
0-0: Ball 1-0: Ball 2-0: Foul Ball, location: 2F 2-1: TRIPLE (Groundball, 5L, EV 105.6 MPH) Sam Spohn scores
|
Batting: RHB Jordan Williams
|
0-0: Foul Ball, location: 2F 0-1: SINGLE (Groundball, 34D, EV 94.4 MPH) Elijah Hunter scores
|
Batting: RHB Gavin Jones
|
0-0: Called Strike 0-1: Swinging Strike 0-2: SINGLE (Groundball, 4MD, EV 97.5 MPH) Jordan Williams to second
|
Batting: RHB Chris McGrath
|
0-0: Called Strike 0-1: DOUBLE (Flyball, 89D, EV 108.1 MPH) Jordan Williams scores Gavin Jones to third Runner from 3rd tries for Home, SAFE, no throw by CF
|
Pitching: LHP Josh Dalton
|
|
Batting: RHB Ryan Salas
|
0-0: Ball 1-0: Foul Ball, location: 2F 1-1: Ball 2-1: Ball 3-1: Foul Ball, location: 2F 3-2: Ground out 4-3 (Groundball, 4, EV 76.9 MPH) Chris McGrath to third
|
Batting: RHB To-wai Chen
|
0-0: Ground out 4-3 (Groundball, 4, EV 77.5 MPH)
|
Top of the 3rd over - 4 runs, 4 hits, 0 errors, 1 left on base; Tri-City 15 - Idaho Falls 1 |
BOTTOM OF THE 3RD |
Idaho Falls Chukars batting - Pitching for Tri-City ValleyCats : LHP Mike Cobb
|
Batting: SHB Ryoji Hiraoka
|
0-0: Swinging Strike 0-1: Ball 1-1: Ball 2-1: Ball 3-1: Foul Ball, location: 2F 3-2: Strikes out swinging
|
Batting: RHB Kevin Allen
|
0-0: Called Strike 0-1: Ball 1-1: Ball 2-1: Ball 3-1: Base on Balls
|
Batting: LHB David Bearden
|
0-0: Called Strike 0-1: Ball 1-1: Foul Ball, location: 2F 1-2: Strikes out swinging
|
Batting: RHB Eric Erickson
|
0-0: Ball 1-0: Ball 2-0: Called Strike 2-1: Foul Ball, location: 2F 2-2: Foul Ball, location: 2F 2-2: Ball 3-2: Base on Balls Kevin Allen to second
|
Batting: RHB Ben Minge
|
0-0: Ball 1-0: Swinging Strike 1-1: Ball 2-1: Fly out, F7 (Line Drive, 7, EV 94.4 MPH)
|
Bottom of the 3rd over - 0 runs, 0 hits, 0 errors, 2 left on base; Tri-City 15 - Idaho Falls 1 |
TOP OF THE 4TH |
Tri-City ValleyCats batting - Pitching for Idaho Falls Chukars : LHP Josh Dalton
|
Batting: LHB Josiah Leath
|
0-0: Reached on error, E4 (Groundball, 4, EV 106.9 MPH)
|
Batting: RHB Masaru Konno
|
0-0: Called Strike 0-1: Ball Balk! Josiah Leath to third 1-1: Swinging Strike 1-2: Strikes out swinging
|
Batting: RHB Sam Spohn
|
0-0: Ball 1-0: Foul Ball, location: 2F 1-1: Ball 2-1: Foul Ball, location: 2F 2-2: Strikes out looking
|
Batting: RHB Elijah Hunter
|
0-0: Called Strike 0-1: Ball 1-1: Called Strike 1-2: Ground out 5-3 (Groundball, 56, EV 109.4 MPH)
|
Top of the 4th over - 0 runs, 0 hits, 1 error, 1 left on base; Tri-City 15 - Idaho Falls 1 |
BOTTOM OF THE 4TH |
Idaho Falls Chukars batting - Pitching for Tri-City ValleyCats : LHP Mike Cobb
|
Batting: LHB John Wagner
|
0-0: Called Strike 0-1: Called Strike 0-2: Ball 1-2: Ball 2-2: Ground out U3 (Groundball, 3L, EV 84.4 MPH)
|
Batting: LHB Joe Cozart
|
0-0: Ball 1-0: Foul Ball, location: 2F 1-1: Ground out 6-3 (Groundball, 6, EV 102.5 MPH)
|
Batting: RHB Adam Krieger
|
0-0: Ball 1-0: Ball 2-0: Ball 3-0: Base on Balls
|
Batting: RHB Timotheus Cooper
|
0-0: Ball 1-0: Fly out, F6 (Line Drive, 6, EV 76.2 MPH)
|
Bottom of the 4th over - 0 runs, 0 hits, 0 errors, 1 left on base; Tri-City 15 - Idaho Falls 1 |
TOP OF THE 5TH |
Tri-City ValleyCats batting - Pitching for Idaho Falls Chukars : LHP Josh Dalton
|
Batting: RHB Jordan Williams
|
0-0: Called Strike 0-1: Ball 1-1: Called Strike 1-2: Foul Ball, location: 2F 1-2: Ball 2-2: Strikes out swinging
|
Batting: RHB Gavin Jones
|
0-0: Ball 1-0: Ball 2-0: Ball 3-0: Base on Balls
|
Batting: RHB Chris McGrath
|
0-0: Ball 1-0: Called Strike 1-1: Fielders Choice at 2nd, 1-6 (Groundball, 23, EV 69.4 MPH)
|
Batting: RHB Ryan Salas
|
Balk! Chris McGrath to second 0-0: Ball 1-0: Called Strike 1-1: Swinging Strike 1-2: Foul Ball, location: 2F 1-2: Fly out, F4 (Line Drive, 4, EV 76.9 MPH)
|
Top of the 5th over - 0 runs, 0 hits, 0 errors, 1 left on base; Tri-City 15 - Idaho Falls 1 |
BOTTOM OF THE 5TH |
Idaho Falls Chukars batting - Pitching for Tri-City ValleyCats : LHP Mike Cobb
|
Batting: SHB Ryoji Hiraoka
|
0-0: Called Strike 0-1: Ball 1-1: Ball 2-1: Ball 3-1: Called Strike 3-2: Base on Balls
|
Batting: RHB Kevin Allen
|
0-0: Called Strike 0-1: Ball Ryoji Hiraoka steals 2nd base (no throw) 1-1: Ground out 4-3 (Groundball, 4, EV 79.4 MPH) Ryoji Hiraoka to third
|
Batting: LHB David Bearden
|
0-0: Ball 1-0: Foul Ball, location: 2F 1-1: Swinging Strike 1-2: Ball 2-2: Foul Ball, location: 2F 2-2: Foul Ball, location: 2F 2-2: Ball 3-2: Foul Ball, location: 2F 3-2: Foul Ball, location: 2F 3-2: Strikes out swinging
|
Batting: RHB Eric Erickson
|
0-0: Ball 1-0: SINGLE (Groundball, 4M, EV 108.8 MPH) (infield hit) Ryoji Hiraoka scores
|
Batting: RHB Ben Minge
|
0-0: Called Strike 0-1: Fielders Choice at 2nd, 6-4 (Groundball, 6, EV 105.0 MPH)
|
Bottom of the 5th over - 1 run, 1 hit, 0 errors, 1 left on base; Tri-City 15 - Idaho Falls 2 |
TOP OF THE 6TH |
Tri-City ValleyCats batting - Pitching for Idaho Falls Chukars : LHP Josh Dalton
|
Batting: RHB To-wai Chen
|
0-0: Called Strike 0-1: Called Strike 0-2: Foul Ball, location: 2F 0-2: Ball 1-2: Foul Ball, location: 2F 1-2: Strikes out swinging
|
Pitching: LHP Randy Stapleton
|
|
Batting: LHB Josiah Leath
|
0-0: Ball 1-0: Ball 2-0: Ball 3-0: Called Strike 3-1: Swinging Strike 3-2: Foul Ball, location: 2F 3-2: Foul Ball, location: 2F 3-2: Ground out 3-1 (Groundball, 34, EV 99.4 MPH)
|
Batting: RHB Masaru Konno
|
0-0: Ball 1-0: SINGLE (Line Drive, 6MD, EV 102.5 MPH)
|
Batting: RHB Sam Spohn
|
0-0: Ball 1-0: Ball 2-0: Ball 3-0: Called Strike 3-1: Fielders Choice at 2nd, 6-4 (Groundball, 6, EV 79.4 MPH)
|
Top of the 6th over - 0 runs, 1 hit, 0 errors, 1 left on base; Tri-City 15 - Idaho Falls 2 |
BOTTOM OF THE 6TH |
Idaho Falls Chukars batting - Pitching for Tri-City ValleyCats : LHP Mike Cobb
|
Pitching: LHP Chris Apa
|
|
Batting: LHB John Wagner
|
0-0: Swinging Strike 0-1: Ball 1-1: Foul Ball, location: 2F 1-2: Strikes out looking
|
Batting: LHB Joe Cozart
|
0-0: Called Strike 0-1: Ball 1-1: Ground out U3 (Groundball, 34S, EV 66.9 MPH)
|
Batting: RHB Adam Krieger
|
0-0: Ball 1-0: Fly out, F7 (Line Drive, 7, EV 84.4 MPH)
|
Bottom of the 6th over - 0 runs, 0 hits, 0 errors, 0 left on base; Tri-City 15 - Idaho Falls 2 |
TOP OF THE 7TH |
Tri-City ValleyCats batting - Pitching for Idaho Falls Chukars : LHP Randy Stapleton
|
Batting: RHB Elijah Hunter
|
0-0: Called Strike 0-1: Ball 1-1: Swinging Strike 1-2: Strikes out swinging
|
Batting: RHB Jordan Williams
|
0-0: Called Strike 0-1: Foul Ball, location: 2F 0-2: Ball 1-2: Ball 2-2: Ball 3-2: Base on Balls
|
Batting: RHB Gavin Jones
|
0-0: Ball 1-0: Called Strike 1-1: Ball 2-1: Fly out, F8 (Flyball, 8RD, EV 100.6 MPH)
|
Batting: RHB Chris McGrath
|
0-0: SINGLE (Groundball, 6M, EV 98.1 MPH) (infield hit) Jordan Williams to second
|
Batting: RHB Ryan Salas
|
0-0: Swinging Strike 0-1: Foul Ball, location: 2F 0-2: Ball 1-2: Strikes out swinging
|
Top of the 7th over - 0 runs, 1 hit, 0 errors, 2 left on base; Tri-City 15 - Idaho Falls 2 |
BOTTOM OF THE 7TH |
Idaho Falls Chukars batting - Pitching for Tri-City ValleyCats : LHP Chris Apa
|
Pinch Hitting: SHB Manny Berrones
|
0-0: Swinging Strike 0-1: SINGLE (Flyball, 8RS, EV 88.1 MPH)
|
Batting: SHB Ryoji Hiraoka
|
0-0: Ball 1-0: Fly out, F9 (Flyball, 89D, EV 84.4 MPH)
|
Pinch Hitting: RHB Chad Sullivan
|
0-0: Ball Wild Pitch! Manny Berrones to second 1-0: Called Strike 1-1: Ball 2-1: Ball 3-1: Swinging Strike 3-2: Foul Ball, location: 2F 3-2: Base on Balls
|
Pitching: RHP David Sawyer
|
|
Batting: SHB Sean Hill
|
0-0: Foul Ball, location: 2F 0-1: Ball 1-1: Called Strike 1-2: Grounds into double play, 6-4-3 (Groundball, 6S, EV 93.8 MPH)
|
Bottom of the 7th over - 0 runs, 1 hit, 0 errors, 1 left on base; Tri-City 15 - Idaho Falls 2 |
TOP OF THE 8TH |
Tri-City ValleyCats batting - Pitching for Idaho Falls Chukars : LHP Randy Stapleton
|
Now at 1B: Manny Berrones
|
|
Now in RF: Chad Sullivan
|
|
Batting: RHB To-wai Chen
|
0-0: Foul Ball, location: 2F 0-1: Called Strike 0-2: SINGLE (Line Drive, 4MD, EV 103.1 MPH)
|
Batting: LHB Josiah Leath
|
0-0: Swinging Strike 0-1: Called Strike 0-2: Ball 1-2: Ball 2-2: Foul Ball, location: 2F 2-2: Fielders Choice at 2nd, 4-6 (Groundball, 4S, EV 88.8 MPH)
|
Pitching: RHP Danny Ballenger
|
|
Batting: RHB Masaru Konno
|
0-0: SINGLE (Line Drive, 9S, EV 100.6 MPH) Josiah Leath to second
|
Batting: RHB Sam Spohn
|
0-0: Called Strike 0-1: Swinging Strike 0-2: Ball 1-2: Foul Ball, location: 2F 1-2: Ball 2-2: Ball 3-2: Base on Balls Josiah Leath to third Masaru Konno to second
|
Batting: RHB Elijah Hunter
|
0-0: Ball 1-0: Fly out, F8 (Flyball, 8LD, EV 107.5 MPH) Runner from 3rd tags up, OUT at HOME! 8-2
|
Top of the 8th over - 0 runs, 2 hits, 0 errors, 2 left on base; Tri-City 15 - Idaho Falls 2 |
BOTTOM OF THE 8TH |
Idaho Falls Chukars batting - Pitching for Tri-City ValleyCats : RHP David Sawyer
|
Batting: RHB Eric Erickson
|
0-0: Ball 1-0: Ball 2-0: Ball 3-0: Called Strike 3-1: Foul Ball, location: 2F 3-2: Ground out 5-3 (Groundball, 56S, EV 66.9 MPH)
|
Batting: RHB Ben Minge
|
0-0: Called Strike 0-1: Ball 1-1: Fly out, F9 (Flyball, 89S, EV 90.0 MPH)
|
Batting: LHB John Wagner
|
0-0: Fly out, F9 (Line Drive, 9, EV 90.0 MPH)
|
Bottom of the 8th over - 0 runs, 0 hits, 0 errors, 0 left on base; Tri-City 15 - Idaho Falls 2 |
TOP OF THE 9TH |
Tri-City ValleyCats batting - Pitching for Idaho Falls Chukars : RHP Danny Ballenger
|
Batting: RHB Jordan Williams
|
0-0: Ball 1-0: Fly out, F9 (Line Drive, 9, EV 96.2 MPH)
|
Batting: RHB Gavin Jones
|
0-0: Ground out 5-3 (Groundball, 56, EV 99.4 MPH)
|
Batting: RHB Chris McGrath
|
0-0: Called Strike 0-1: SINGLE (Groundball, 6D, EV 94.4 MPH)
|
Batting: RHB Ryan Salas
|
0-0: Swinging Strike 0-1: Ball 1-1: Ball Balk! Chris McGrath to second 2-1: Foul Ball, location: 2F 2-2: Ball 3-2: Base on Balls
|
Batting: RHB To-wai Chen
|
0-0: Called Strike 0-1: 3-RUN HOME RUN (Flyball, 7LD, EV 96.2 MPH), Distance : 365 ft
|
Batting: LHB Josiah Leath
|
0-0: Called Strike 0-1: Ball 1-1: Ball 2-1: Ground out 4-3 (Groundball, 4, EV 95.0 MPH)
|
Top of the 9th over - 3 runs, 2 hits, 0 errors, 0 left on base; Tri-City 18 - Idaho Falls 2 |
BOTTOM OF THE 9TH |
Idaho Falls Chukars batting - Pitching for Tri-City ValleyCats : RHP David Sawyer
|
Batting: LHB Joe Cozart
|
0-0: Fly out, F9 (Line Drive, 9, EV 91.9 MPH)
|
Pitching: LHP Ryan Groom
|
|
Batting: RHB Adam Krieger
|
0-0: Called Strike 0-1: Ball 1-1: Foul Ball, location: 2F 1-2: Strikes out swinging
|
Batting: SHB Manny Berrones
|
0-0: Called Strike 0-1: Swinging Strike 0-2: Ball 1-2: Ball 2-2: Ground out U3 (Groundball, 3L, EV 84.4 MPH)
|
Bottom of the 9th over - 0 runs, 0 hits, 0 errors, 0 left on base; Tri-City 18 - Idaho Falls 2 |
|